 Dungeon Crawl Stone Soup version 0.26.1-15-g04117e645d (webtiles) character file.

Game seed: 387459704141618171

22 suipiss the Grave Robber (level 2, 0/19 HPs)
             Began as a Mummy Necromancer on Dec 29, 2022.
             Slain by an adder (4 damage)
             ... on level 2 of the Dungeon.
             The game lasted 00:01:00 (985 turns).

suipiss the Grave Robber (Mummy Necromancer)         Turns: 985, Time: 00:01:01

Health: 0/19       AC:  2    Str: 11    XL:     2   Next: 68%
Magic:  0/6        EV: 12    Int: 14    God:
Gold:   66         SH:  0    Dex: 12    Spells: 5/7 levels left

rFire    x . .     SeeInvis .   c - +0 mace
rCold    + . .     Faith    .   (no shield)
rNeg     + + +     Spirit   .   a - +0 robe
rPois    ∞         Reflect  .   (no helmet)
rElec    .         Harm     .   (no cloak)
rCorr    .         Rampage  .   (no gloves)
Will     .....                  (no boots)
Stlth    ++........             (no amulet)
HPRegen  0.06/turn              (no ring)
MPRegen  0.10/turn              (no ring)

@: no status effects
A: no potions, fire vulnerability, cold resistance 1, negative energy resistance
3, torment resistance, unbreathing
a: no special abilities


You were on level 2 of the Dungeon.
You visited 1 branch of the dungeon, and saw 2 of its levels.

You collected 66 gold pieces.

Inventory:

Hand Weapons
 c - a +0 mace (weapon)
Armour
 a - a +0 robe (worn)
Scrolls
 b - a scroll of identify {unknown}
 d - a scroll of remove curse {unknown}


   Skills:
 + Level 0.4 Armour
 + Level 1.7 Dodging
 - Level 1.5 Stealth
 + Level 0.4 Shields
 * Level 3.1 Spellcasting
 * Level 4.2 Necromancy


You had 5 spell levels left.
You knew the following spells:

 Your Spells              Type           Power        Failure   Level
a - Pain                  Necr           56%          3%          1
b - Animate Skeleton      Necr           28%          3%          1

Your spell library contained the following spells:

 Spells                   Type           Power        Failure   Level
 Vampiric Draining        Necr           7%           11%         3
 Animate Dead             Necr           7%           36%         4
 Agony                    Necr           14%          71%         5


Dungeon Overview and Level Annotations

Branches:
Dungeon (2/15)

Altars:


Innate Abilities, Weirdness & Mutations

You do not drink.
Your flesh is vulnerable to fire.
You are immune to poison.
Your flesh is cold resistant. (rC+)
You are immune to negative energy. (rN+++)
You are immune to unholy pain and torment.
You can survive without breathing.


Message History

Unknown command.
Sorry, you're not good enough to have a special ability.
Casting: Pain (safe; 3% risk of failure)
Confirm with . or Enter, or press ? or * to list all spells.
You don't have enough magic to cast that spell.
Sorry, you're not good enough to have a special ability.
Casting: Pain (safe; 3% risk of failure)
Confirm with . or Enter, or press ? or * to list all spells.
You don't know that spell.
You barely miss the adder. The adder misses you. The adder bites you.
* * * LOW HITPOINT WARNING * * *
Casting: Pain (safe; 3% risk of failure)
Confirm with . or Enter, or press ? or * to list all spells.
Aiming: Pain (safe; 3% risk of failure)
Press: ? - help, Shift-Dir - straight line, f - adder
Aim: an adder (chance to affect: 79%)
The adder writhes in agony.
The adder barely misses you. The adder barely misses you. The adder bites you.
You die...

#...# #........#
#...##..........#
#.((##....†......#
#.(K###........#..
#.K..#l# #..>.....#
.
###.##.##...(.......
... #g(..$..........
...###
#S###........#..
...#####@# .#
.........#
#.......## #.#####.#
#<# #.# ... .....
#.....#


You could see an adder, a leopard gecko, a goblin and a kobold.

Vanquished Creatures
  An adder (D:2)
  A giant cockroach (D:2)
  5 kobolds (D:1)
  A bat (D:1)
  2 goblins (D:1)
  6 rats
16 creatures vanquished.

Notes
Turn   | Place    | Note
-------+----------+-------------------------------------------
     0 | D:1      | suipiss the Mummy Necromancer began the quest for the Orb.
     0 | D:1      | Reached XP level 1. HP: 13/13 MP: 4/4
   574 | D:1      | Reached XP level 2. HP: 13/19 MP: 1/5
   842 | D:1      | Learned a level 1 spell: Animate Skeleton
   985 | D:2      | Slain by an adder

Illustrated notes

Levels and vault maps discovered:
D:1:      kennysheep_arrival_forest, layout_basic
D:2:      layout_loops_cross, dancing_weapons_uskayaw, lightli_temple_of_fire,
          lemuel_zombie_altar_yredelemnul, st_stairs_5, minmay_hexomino_p4

Skill      XL: |  1  2 |
---------------+-------+-----
Spellcasting   | 3 |  3.1
Armour         | |  0.4
Dodging        | |  1.7
Stealth        | |  1.5
Shields        | |  0.4
Necromancy     | |  4.2

Action                   || total
-------------------------++-------
Melee: Mace              ||    12
 Cast: Pain              ||    28
Armor: Robe              ||     8
Dodge: Dodged            ||    26
